 Dungeon Crawl Stone Soup version 0.30.1-11-g7821555f0a (webtiles) character file.

Game seed: 16171094827744343033

189 Okkudo the Cleaver (level 5, -5/42 (45) HPs)
             Began as a Hill Orc Monk on Dec 2, 2023.
             Succumbed to Edmund's poison
             ... on level 4 of the Dungeon.
             The game lasted 00:08:23 (2700 turns).

Okkudo the Cleaver (Hill Orc Monk)                  Turns: 2700, Time: 00:08:24

HP:   -5/42 (45)    AC: 12    Str: 16    XL:     5   Next: 68%
MP:   5/5           EV:  5    Int: 10    God:
Gold: 195           SH:  0    Dex: 13    Spells: 4/4 levels left

rFire   . . .        a - +0 hand axe
rCold   . . .        d - orb {light}
rNeg    . . .        m - +0 plate armour
rPois   .            (no helmet)
rElec   .            (no cloak)
rCorr   .            e - +0 pair of gloves
SInv    .            j - +0 pair of boots
Will    .....        (no amulet) Stlth
                     (no ring)
HPRegen 0.27/turn    (no ring)
MPRegen 0.09/turn

%: no passive effects
@: lethally poisoned (-5 -> -31), glowing, drained
A: no striking features
a: no special abilities


You were on level 4 of the Dungeon.
You visited 1 branch of the dungeon, and saw 4 of its levels.

You collected 195 gold pieces.

Inventory:

Hand Weapons
 a - a +0 hand axe (weapon)
Missiles
 n - 4 poisoned darts (quivered)
Armour
 d - an orb of light (worn)
 e - a +0 pair of gloves (worn)
 g - a scarf of invisibility
 j - a +0 pair of boots (worn)
 m - a +0 plate armour (worn)
Jewellery
 u - a ring of poison resistance
Scrolls
 b - a scroll of teleportation {unknown}
 i - a scroll of blinking {unknown}
 k - a scroll of identify {unknown}
 q - a scroll of fog {unknown}
 w - a scroll of torment {unknown}
 y - a scroll of poison {unknown}
 z - a scroll of vulnerability {unknown}
Potions
 c - 2 potions of ambrosia
 f - a potion of degeneration {unknown}
 h - a potion of magic {unknown}
 l - a potion of attraction {unknown}
 o - a potion of mutation {unknown}
 p - a potion of brilliance {unknown}
 r - 2 potions of might {unknown}
 s - a potion of lignification {unknown}
 t - a potion of heal wounds {unknown}
 v - a potion of haste {unknown}
 x - a potion of resistance {unknown}


   Skills:
 - Level 3.6 Fighting
 * Level 8.2 Axes
 - Level 2.4 Dodging


You had 4 spell levels left.
You didn't know any spells.
Your spell library contained the following spells:

 Spells                   Type           Power      Damage    Failure   Level
 Summon Forest            Summ/Tloc      0%         N/A       100%        5
 Summon Mana Viper        Hex/Summ       0%         N/A       100%        5
 Summon Cactus Giant      Summ           0%         N/A       100%        6


Dungeon Overview and Level Annotations

Branches:
Dungeon (4/15)
 Temple: D:4-7

Altars:

Shops:
D:3 [

Annotations:
D:2 1 runed translucent door, Crazy Yiuf
D:4 Edmund


Message History

You kill the orc!
You hit the hobgoblin.
The hobgoblin hits you but does no damage.
You barely miss the hobgoblin.
The hobgoblin is almost dead.
You hit Edmund but do no damage. Edmund hits you but does no damage.
You are poisoned.
The hobgoblin hits you but does no damage.
You completely miss the hobgoblin.
The hobgoblin is almost dead.
You hit Edmund but do no damage.
You feel sick.
You hit the hobgoblin but do no damage.
The hobgoblin is almost dead.
You hit Edmund but do no damage.
You feel sick.
Edmund hits you with a +5 flail of venom!
You are more poisoned.
The hobgoblin hits you.
You barely miss the hobgoblin.
The hobgoblin is almost dead.
You hit Edmund but do no damage.
You feel very sick.
The hobgoblin hits you but does no damage.
Edmund hits you but does no damage.
You are lethally poisoned!
You slash the hobgoblin!
You kill the hobgoblin!
You hit Edmund but do no damage.
You feel very sick.
Edmund hits you with a +5 flail of venom.
You are more poisoned.
* * * LOW HITPOINT WARNING * * *
You feel extremely sick. Edmund hits you but does no damage.
You are more poisoned.
You see here a hobgoblin corpse.
* * * LOW HITPOINT WARNING * * *
You feel extremely sick.
Edmund says, "People think my brother is the best.
I think he's crazy."
Edmund completely misses you.
You die...

###...?...#
.......)..#
..........##
.@...###...#
... #...# .
#...#
#.#######@..#
.........†..###
#.#######..@<.#
#.....#
........#
#.####....#
.....# #.#####
.. .>#


You could see Edmund.

Vanquished Creatures
  Terence (D:2)
  2 orc wizards (D:4)
  3 adders
  A worm (D:3)
  3 dart slugs
  7 orcs
  3 endoplasms
  4 goblins
  4 hobgoblins
  10 jackals
  7 kobolds
  2 quokkas (D:2)
  3 ball pythons
  7 bats
  4 frilled lizards
  7 rats
68 creatures vanquished.

Notes
Turn   | Place    | Note
-------+----------+-------------------------------------------
     0 | D:1      | Okkudo the Hill Orc Monk began the quest for the Orb.
     0 | D:1      | Reached XP level 1. HP: 19/19 MP: 1/1
   203 | D:1      | Reached XP level 2. HP: 26/26 MP: 2/2
   374 | D:1      | Reached skill level 5 in Axes
   533 | D:1      | You fall into a shaft and drop 1 floor!
   689 | D:1      | Reached XP level 3. HP: 30/31 MP: 3/3
  1013 | D:2      | Reached skill level 6 in Axes
  1173 | D:2      | Reached XP level 4. HP: 39/39 MP: 4/4
  1431 | D:2      | Noticed Terence
  1459 | D:2      | Killed Terence
  1460 | D:2      | Reached skill level 7 in Axes
  1639 | D:2      | Found a runed translucent door.
  1640 | D:2      | Noticed Crazy Yiuf
  1902 | D:3      | Reached XP level 5. HP: 41/45 MP: 5/5
  1963 | D:3      | Found a faded altar of an unknown god.
  2204 | D:3      | Found Tocsot's Antique Armour Shoppe.
  2438 | D:4      | Reached skill level 8 in Axes
  2681 | D:4      | Noticed Edmund
  2699 | D:4      | HP: 1/42 [poisoned by Edmund]
  2700 | D:4      | Succumbed to Edmund's poison

Illustrated notes

Levels and vault maps discovered:
D:1:      roderic_chinese_lattice_arrival, layout_loops_corners
D:2:      layout_loops_cross, uniq_terence, uniq_crazy_yiuf_cottage
D:3:      layout_basic, serial_shops, shop, chequers_ecumenical_altar_island
D:4:      layout_basic, temple_green, enter_ossuary_2, uniq_edmund

Skill      XL: |  1  2  3  4  5 |
---------------+----------------+-----
Axes           | 5 6 7 8 |  8.2
Fighting       | |  3.6
Dodging        | |  2.4

Action                     |  1- 3 |  4- 6 || total
---------------------------+-------+-------++-------
  Melee: Hand axe          |   114 |   118 ||   232
 Armour: Robe              |     4 |       ||     4
         Leather armour    |    24 |       ||    24
         Plate armour      |    46 |    78 ||   124
  Dodge: Dodged            |    46 |    20 ||    66
